[Event "Team 45 45 League T54"]
[Site "Internet Chess Club"]
[Date "2012.08.19"]
[Round "1"]
[White "jrobic7"]
[Black "PandorasBox"]
[Result "1-0"]
[WhiteElo "1831"]
[BlackElo "1869"]
[Opening "French: Steinitz, Boleslavsky variation"]
[ECO "C11"]
[Time "18:15:58"]
[TimeControl "2700+45"]

1. e4 e6 2. d4 d5 3. Nc3 Nf6 4. e5 Nfd7 5. f4 c5 6. Nf3 Nc6 7. Be3 cxd4 8. Nxd4
Nxd4 9. Bxd4 Bc5 10. Nb5 O-O 11. Be2 a6 12. Bxc5 Nxc5 13. Nd6 b5 14. Qd4 Nb7 15.
Nxb7 Bxb7 16. O-O g6 17. Bd3 Qc7 18. b4 Rfc8 19. Rab1 Qc3 20. Qb6 Qc6 21. Qd4
Qc3 22. Qb6 Rab8 23. Rb3 Qc6 24. Qd4 Ba8 25. Ra1 Qb6 26. Qxb6 Rxb6 27. a4 Bc6
28. a5 Rb7 29. Rc3 Rbc7 30. Kf2 h5 31. g3 Bb7 32. Rxc7 Rxc7 33. Ra3 Kf8 34. Ke3
Ke7 35. Kd4 Kd7 36. Rc3 Rxc3 37. Kxc3 Kc6 38. Kd4 Bc8 39. Be2 Bd7 40. h3 Be8 41.
Bf3 Bd7 42. g4 hxg4 43. hxg4 Bc8 44. c3 Bd7 45. f5 gxf5 46. gxf5 Bc8 47. Bh5
exf5 48. Bxf7 Kd7 49. Bxd5 Kc7 50. Ke3 Kd7 51. Kf4 Ke7 52. c4 bxc4 53. Bxc4 Kd8
54. Bd3 Be6 55. Bxf5 Bc4 56. Ke4 Kc7 57. Kd4 Bb5 58. Kc5 Be2 59. Be6 Bh5 60. Bc4
Kb7 61. Kd6 Be8 62. Ke7 Bh5 63. Kd8 Bg4 64. e6 Kc6 65. e7 Bh5 66. Bxa6 Kd5 67.
e8=Q Bxe8 68. Kxe8 Kc6 69. Kd8 {Black resigns} 1-0

[Event "Team 45 45 League T54"]
[Site "Internet Chess Club"]
[Date "2012.08.20"]
[Round "1"]
[White "Holzschlange"]
[Black "cesaralexander"]
[Result "0-1"]
[WhiteElo "1827"]
[BlackElo "1930"]
[Opening "English: symmetrical, four knights system"]
[ECO "A30"]
[Time "17:08:24"]
[TimeControl "2700+45"]

1. Nf3 Nf6 2. c4 c5 3. Nc3 Nc6 4. d4 cxd4 5. Nxd4 g6 6. e4 Bg7 7. Be2 O-O 8. O-O
a6 9. Be3 d6 10. Qc2 Ng4 11. Bxg4 Bxg4 12. Nde2 Rc8 13. f3 Bd7 14. b3 b5 15.
cxb5 axb5 16. Rac1 b4 17. Nd5 Nd4 18. Qd2 Nxe2+ 19. Qxe2 Rb8 20. Qd2 e6 21. Nxb4
Qa5 22. Nc6 Qxd2 23. Bxd2 Ra8 24. a4 Bxc6 25. Rxc6 Rfb8 26. Rfc1 Bd4+ 27. Kf1
Rxb3 28. Rxd6 Be5 29. Rdc6 Kg7 30. a5 Rb2 31. R1c2 Rb1+ 32. Ke2 Ra1 33. f4 Bf6
34. g4 Ra4 35. R6c4 Ra3 36. g5 Ba1 37. Rc6 e5 38. f5 gxf5 39. exf5 Rh3 40. Ra2
Rxh2+ 41. Kd3 Rd8+ 42. Ke3 Bd4+ 43. Kf3 Rb8 44. Kg3 Re2 45. g6 Rb3+ 46. Kg4 Rg2+
47. Kh4 Bf2+ {White resigns} 0-1

[Event "Team 45 45 League T54"]
[Site "Internet Chess Club"]
[Date "2012.08.18"]
[Round "1"]
[White "nurmi"]
[Black "CamNewton"]
[Result "1/2-1/2"]
[WhiteElo "1954"]
[BlackElo "2197"]
[Opening "French: Tarrasch, closed variation"]
[ECO "C05"]
[Time "15:00:48"]
[TimeControl "2700+45"]

1. e4 e6 2. d4 d5 3. Nd2 Nf6 4. e5 Nfd7 5. Bd3 c5 6. c3 Nc6 7. Ne2 Be7 8. O-O
O-O 9. b3 cxd4 10. cxd4 f6 11. exf6 Bxf6 12. Bb2 e5 13. Bf5 Nb6 14. Bxc8 Rxc8
15. dxe5 Nxe5 16. Ba3 Rf7 17. Nd4 a6 18. Nf5 Rc6 19. Nd4 Rc8 20. Nf5 Rd7 21. Rc1
Rdc7 22. Rxc7 Rxc7 23. Nf3 Qd7 24. Nxe5 Qxf5 25. f4 Qe4 26. Qg4 h6 27. Qe6+ Kh7
28. Qxb6 Bxe5 29. fxe5 Rc2 30. Rf2 d4 31. Qe6 Rxf2 32. Kxf2 d3 33. Bb4 Qf4+ 34.
Kg1 Qc1+ 35. Kf2 Qf4+ 36. Kg1 Qe3+ 37. Kf1 Qf4+ 38. Kg1 Qe3+ 39. Kf1 Qe2+ 40.
Kg1 Qe3+ {Game drawn by repetition} 1/2-1/2

[Event "Team 45 45 League T54"]
[Site "Internet Chess Club"]
[Date "2012.08.19"]
[Round "1"]
[White "jorobo"]
[Black "Pason"]
[Result "0-1"]
[WhiteElo "1955"]
[BlackElo "2058"]
[Opening "English opening"]
[ECO "A16"]
[Time "06:30:25"]
[TimeControl "2700+45"]

1. c4 Nf6 2. Nc3 c5 3. Nf3 e6 4. g3 Be7 5. Bg2 O-O 6. O-O Nc6 7. d4 cxd4 8. Nxd4
a6 9. e4 Qc7 10. Nb3 d6 11. f4 Bd7 12. Be3 Rab8 13. Rc1 Na5 14. e5 Ne8 15. exd6
Nxd6 16. Nxa5 Qxa5 17. c5 Nf5 18. Qxd7 Rfd8 19. Qa4 Qxa4 20. Nxa4 Nxe3 21. Rf2
Rd4 22. b3 Nxg2 23. Kxg2 Rc8 24. Rfc2 Rc6 25. Kf3 g5 26. Rc4 Rd2 27. R1c2 Rxc2
28. Rxc2 gxf4 29. gxf4 b5 30. Nb6 Rxc5 31. Rg2+ Kh8 32. Nd7 Rf5 33. Ke4 Bd6 34.
Ne5 h6 35. h4 Kh7 36. Rg4 f6 37. Nd3 Rh5 38. Kf3 f5 39. Rg1 Rxh4 40. Kg3 Rg4+
{White resigns} 0-1

[Event "Team 45 45 League T54"]
[Site "Internet Chess Club"]
[Date "2012.08.20"]
[Round "1"]
[White "koni"]
[Black "azbycx"]
[Result "1-0"]
[WhiteElo "1906"]
[BlackElo "1858"]
[Opening "Scandinavian defense"]
[ECO "B01"]
[Time "23:30:18"]
[TimeControl "2700+45"]

1. e4 d5 2. exd5 Nf6 3. Bb5+ Bd7 4. Be2 Nxd5 5. d4 c5 6. c4 Nf6 7. d5 g6 8. Nc3
Bg7 9. Nf3 O-O 10. O-O e6 11. Be3 b6 12. Qd2 exd5 13. cxd5 Qe7 14. Bh6 Rd8 15.
Bxg7 Kxg7 16. Rad1 Qd6 17. Rfe1 a6 18. h3 h6 19. a4 Bf5 20. Bc4 g5 21. Re5 Bg6
22. Rde1 Nbd7 23. Re7 Ng8 24. R7e2 Ngf6 25. Ne5 Nxe5 26. Rxe5 Nd7 27. Re7 Nf6
28. g3 Kf8 29. R7e3 Qd7 30. Kg2 Qd6 31. Re5 Nd7 32. Re7 Nf6 33. R7e2 Bf5 34. h4
Nh7 35. Re5 Qd7 36. Bd3 Bh3+ 37. Kh2 Nf6 38. f3 Be6 39. hxg5 Nxd5 40. Nxd5 Bxd5
41. gxh6 Bxf3 42. Qg5 Qg4 43. Qe7+ Kg8 44. Rg5+ {Black resigns} 1-0

[Event "Team 45 45 League T54"]
[Site "Internet Chess Club"]
[Date "2012.08.26"]
[Round "1"]
[White "Tamarin"]
[Black "poni"]
[Result "0-1"]
[WhiteElo "1854"]
[BlackElo "1889"]
[Opening "Old Indian: Tartakower (Wade) variation"]
[ECO "A41"]
[Time "01:00:16"]
[TimeControl "2700+45"]

1. d4 d6 2. Nf3 Bg4 3. c4 Nd7 4. Nc3 Bxf3 5. exf3 e6 6. g3 Be7 7. Bg2 c6 8. O-O
Ngf6 9. Re1 O-O 10. f4 d5 11. cxd5 exd5 12. Bd2 Bd6 13. Qb3 Nb6 14. Bf1 Qd7 15.
Na4 Nxa4 16. Qxa4 Ne4 17. Qc2 Rfe8 18. Bd3 f5 19. f3 Nxd2 20. Qxd2 g6 21. a3 Qg7
22. Bc2 Be7 23. Rad1 Bf6 24. Rxe8+ Rxe8 25. b4 Qe7 26. a4 Qe3+ 27. Qxe3 Rxe3 28.
Kf2 Rc3 29. Bd3 Bxd4+ 30. Ke2 Bf6 31. Kd2 Ra3 32. a5 Bc3+ 33. Kc2 Bxb4 34. Rb1
Rc3+ 35. Kd2 Rb3+ 36. Kc2 Rxb1 37. Kxb1 Bxa5 38. Kc2 Kf7 39. Kb3 b5 40. h3
{White resigns} 0-1

[Event "Team 45 45 League T54"]
[Site "Internet Chess Club"]
[Date "2012.08.20"]
[Round "1"]
[White "mongmong"]
[Black "Hal2001"]
[Result "0-1"]
[WhiteElo "1665"]
[BlackElo "1657"]
[Opening "Modern defense"]
[ECO "A40"]
[Time "19:03:18"]
[TimeControl "2700+45"]

1. d4 g6 2. Nf3 Bg7 3. c4 c5 4. Nc3 cxd4 5. Nxd4 Nc6 6. Nb3 Nf6 7. e4 d6 8. Be2
O-O 9. O-O Bd7 10. f3 a6 11. Be3 Qc7 12. Rc1 e6 13. Bf4 Qb6+ 14. Kh1 Ne5 15. Bg3
Rac8 16. Bf2 Qc7 17. Nd2 Nh5 18. Re1 Nf4 19. Bf1 Nfd3 20. Bxd3 Nxd3 21. Rc2
Nxf2+ {White resigns} 0-1

[Event "Team 45 45 League T54"]
[Site "Internet Chess Club"]
[Date "2012.08.18"]
[Round "1"]
[White "KyleMayhugh"]
[Black "birk113"]
[Result "0-1"]
[WhiteElo "1600"]
[BlackElo "1456"]
[Opening "French: Tarrasch, open, 4.ed ed"]
[ECO "C08"]
[Time "01:02:26"]
[TimeControl "2700+45"]

1. e4 e6 2. d4 d5 3. Nd2 c5 4. exd5 exd5 5. Bb5+ Nc6 6. Ngf3 a6 7. Be2 c4 8. O-O
Bd6 9. Re1 Nge7 10. Nf1 O-O 11. Bg5 Qc7 12. Ne3 Be6 13. Bh4 Nf5 14. Nxf5 Bxf5
15. Bg3 Bxg3 16. hxg3 Rfe8 17. c3 Re6 18. Qd2 Rh6 19. b3 b5 20. b4 Ne7 21. Bf1
Be6 22. Re2 Nf5 23. Ne5 Re8 24. Rae1 Qc8 25. Ng4 Rg6 26. Ne3 Nxe3 27. Rxe3 Bd7
28. Re5 f6 29. Rxe8+ Bxe8 30. Be2 Rh6 31. Bf3 Bf7 32. Re7 Kf8 33. Qe2 Qd8 34.
Ra7 f5 35. Qe5 Rf6 36. Rb7 Rb6 37. Rxb6 Qxb6 38. Qxf5 Qe6 39. Qxh7 Bg8 40. Qb1
Qh6 41. Qe1 Qg6 42. Qe3 Qd6 43. Qf4+ Qf6 44. Qxf6+ gxf6 45. Kh2 Kg7 46. Kh3 Kg6
47. Kg4 Be6+ 48. Kf4 Kh6 49. g4 Kg6 50. Kg3 Kg5 51. Be2 Kg6 52. f4 f5 53. gxf5+
Bxf5 54. Kh4 Bd3 55. g4 Bxe2 56. f5+ Kf6 57. Kh5 Bd3 58. a3 Be4 59. Kh4 Bd3 60.
Kh5 Bb1 61. Kh6 Bxf5 62. gxf5 Kxf5 63. Kg7 Ke4 64. Kf6 Kd3 65. Ke5 Kxc3 66. Kxd5
Kb3 67. Ke6 c3 68. d5 c2 69. d6 c1=Q 70. d7 Qe3+ 71. Kf7 Qf4+ 72. Ke7 Qe5+ 73.
Kf7 Qd5+ 74. Ke8 Qxd7+ {White resigns} 0-1

[Event "Team 45 45 League T54"]
[Site "Internet Chess Club"]
[Date "2012.08.19"]
[Round "1"]
[White "akshayk06"]
[Black "Docvan"]
[Result "0-1"]
[WhiteElo "1437"]
[BlackElo "1356"]
[Opening "Dutch defense"]
[ECO "A40"]
[Time "13:00:25"]
[TimeControl "2700+45"]

1. d4 e6 2. c4 f5 3. Nf3 Nf6 4. Nc3 Bb4 5. a3 Bxc3+ 6. bxc3 O-O 7. Bg5 d6 8. g3
Nbd7 9. Bg2 h6 10. Bd2 Ne4 11. O-O Nb6 12. Qb3 Qe8 13. c5 dxc5 14. dxc5 Nxc5 15.
Qa2 Ne4 16. Bf4 Nxc3 17. Qb2 Nba4 18. Qc2 Qb5 19. Rfe1 c6 20. Be5 Ne4 21. Rab1
Qa5 22. Rb4 Nb6 23. Qb2 c5 24. Rxe4 fxe4 25. Bc3 Na4 26. Bxa5 Nxb2 27. Ne5 b6
28. Bc3 Na4 29. Ba1 Bb7 30. Bh3 Rfe8 31. Nc4 Bd5 32. Nd2 Rad8 33. e3 Ba2 34.
Nxe4 Bd5 35. Nc3 Nxc3 36. Bxc3 Rf8 37. Be5 Rf7 38. Rd1 Rdf8 39. f4 Kh7 40. e4
Bxe4 41. Bxe6 Rb7 42. Bc4 Bf3 43. Rd2 Bg4 44. Bd5 Rd7 45. Be4+ Kg8 46. Bd5+ Kh7
47. Be4+ g6 48. Rb2 Rd1+ 49. Kg2 Rfd8 50. Bc3 Ra1 51. Rb3 Ra2+ 52. Kg1 Rd1+
{White resigns} 0-1

[Event "Team 45 45 League T54"]
[Site "Internet Chess Club"]
[Date "2012.08.19"]
[Round "1"]
[White "PANAMA-REY"]
[Black "Patzer4Life"]
[Result "1-0"]
[WhiteElo "1432"]
[BlackElo "1406"]
[Opening "French defense"]
[ECO "C01"]
[Time "13:00:27"]
[TimeControl "2700+45"]

1. e4 e6 2. d4 c6 3. Bd3 d5 4. e5 c5 5. c3 c4 6. Bc2 b5 7. a3 a5 8. Ne2 Bb7 9.
O-O Nc6 10. f4 Qc7 11. f5 exf5 12. Bxf5 Bc8 13. Bc2 g6 14. Bg5 Bg7 15. Nf4 Be6
16. Nxe6 fxe6 17. Qf3 h6 {Black resigns} 1-0

[Event "Team 45 45 League T54"]
[Site "Internet Chess Club"]
[Date "2012.08.19"]
[Round "1"]
[White "medsurg"]
[Black "Andaluz"]
[Result "1-0"]
[WhiteElo "1389"]
[BlackElo "1066"]
[Opening "QGD Slav: 3.Nf3"]
[ECO "D11"]
[Time "04:01:08"]
[TimeControl "2700+45"]

1. d4 d5 2. c4 c6 3. Nf3 Nd7 4. Nc3 e6 5. Bf4 h6 6. cxd5 exd5 7. e3 Ngf6 8. h3
Bb4 9. a3 Ba5 10. Bd3 Bc7 11. O-O O-O 12. e4 Bxf4 13. e5 Nh7 14. Ne2 Bg5 15. Qc2
g6 16. Ng3 Kh8 17. Nh2 Nb6 18. f4 Bh4 19. Ne2 Be6 20. Bxg6 fxg6 21. Qxg6 Bf5 22.
Qxh6 Rg8 23. Nf3 Be7 24. Ng5 Bxg5 25. fxg5 Qxg5 26. Qxg5 Rxg5 27. g4 Rag8 28.
Kh2 Bd3 29. Rf2 Nc4 30. Ng3 Ne3 31. Re1 Nc2 32. Rd1 Bg6 33. Rdf1 Nxd4 34. Nf5
Nxf5 35. gxf5 Bxf5 36. Rxf5 Rg2+ 37. Kh1 Rxb2 38. Re1 Ng5 39. e6 Nxe6 40. Rh5+
Kg7 41. Rg1+ {Black forfeits on time} 1-0

[Event "Team 45 45 League T54"]
[Site "Internet Chess Club"]
[Date "2012.08.17"]
[Round "1"]
[White "chrisgianno"]
[Black "milesotoole"]
[Result "0-1"]
[WhiteElo "1636"]
[BlackElo "1622"]
[Opening "Dutch with c4 & Nc3"]
[ECO "A85"]
[Time "18:45:02"]
[TimeControl "2700+45"]

1. d4 f5 2. c4 Nf6 3. Nc3 d6 4. Bg5 Nbd7 5. Nf3 g6 6. Qc2 Bg7 7. g3 O-O 8. Bg2
e5 9. dxe5 dxe5 10. O-O-O Qe7 11. Nd5 Qc5 12. Be3 Qa5 13. Nxf6+ Rxf6 14. Kb1 Ra6
15. Qb3 c5 16. Rd5 Rb6 17. Qc2 e4 18. Nd4 Qb4 19. Nb3 Qa4 20. Rhd1 Ra6 21. Bxc5
Qxa2+ 22. Kc1 Nxc5 23. Rxc5 Be6 24. Nd4 Qa1+ 25. Qb1 Rd8 26. e3 Qxb1+ 27. Kxb1
Rad6 28. Kc2 Bxd4 29. exd4 Rxd4 30. Rxd4 Rxd4 31. b3 Rd8 32. h4 Kf7 33. Bf1 Kf6
34. Be2 g5 35. f4 gxh4 36. gxh4 Kg6 37. Re5 Kf6 38. h5 Rg8 39. Rc5 Rg4 40. Rc7
Rg7 41. Rc5 h6 42. Re5 Rg2 43. Kd2 Rf2 44. Ke3 Rg2 45. Kd2 Rg3 46. Kc2 Rg2 47.
Kd2 Rg7 48. Ke3 a5 49. Rxa5 Rg3+ 50. Kd4 Rxb3 51. Rb5 Rxb5 52. cxb5 b6 53. Kc3
Bf7 54. Kd4 Ba2 55. Bf1 Ke6 56. Be2 Kd6 57. Bf1 Bf7 58. Be2 Be8 59. Kc4 Bf7+ 60.
Kd4 Be8 61. Kc4 Ke6 62. Kd4 Bf7 63. Bc4+ Ke7 64. Be2 Kd6 65. Bd1 Ba2 66. Bc2 Bf7
67. Bd1 Ba2 68. Bc2 Ke6 69. Bd1 Bb1 70. Be2 Bd3 71. Bxd3 exd3 72. Kxd3 Kd5 73.
Ke3 Kc4 74. Ke2 Kxb5 75. Kd3 Kc5 76. Kc3 b5 77. Kb3 Kd4 {White resigns} 0-1

[Event "Team 45 45 League T54"]
[Site "Internet Chess Club"]
[Date "2012.08.20"]
[Round "1"]
[White "burnsy"]
[Black "MickyMcMonigle"]
[Result "1-0"]
[WhiteElo "1452"]
[BlackElo "1455"]
[Opening "Hungarian defense"]
[ECO "C50"]
[Time "19:15:40"]
[TimeControl "2700+45"]

1. e4 e5 2. Nf3 Nc6 3. Bc4 Be7 4. c3 Nf6 5. d3 d6 6. Nbd2 O-O 7. Nf1 Na5 8. Bb5
a6 9. Ba4 b5 10. Bc2 c6 11. Ng3 h6 12. b4 Nb7 13. Bd2 Be6 14. Qc1 Nh7 15. Bxh6
gxh6 16. Qxh6 Kh8 17. d4 Bg5 18. Qh5 Qf6 19. h4 Bh6 20. dxe5 Qg6 21. Qxg6 fxg6
22. exd6 Nxd6 23. h5 g5 24. Ne5 Bg7 25. Ng6+ Kg8 26. Nxf8 Bxc3+ 27. Kf1 Bc4+ 28.
Kg1 Bxa1 29. Nxh7 Kxh7 30. e5+ Kh8 31. exd6 Rd8 32. Nf5 Bxa2 33. Kh2 Be5+ 34. g3
Bxd6 35. Ra1 Bd5 36. Nxd6 Rxd6 37. Rxa6 Rf6 38. Kg1 Bf3 39. Bg6 Rf8 40. Ra7 g4
41. Rf7 Rxf7 42. Bxf7 Kg7 43. Bg6 Kf6 44. Kf1 Bd5 45. Ke2 Bf7 46. Bxf7 Kxf7 47.
Ke3 Kg7 48. Kf4 Kh6 49. Kxg4 Kg7 50. Kg5 Kh7 51. f4 {Black resigns} 1-0

[Event "Team 45 45 League T54"]
[Site "Internet Chess Club"]
[Date "2012.08.19"]
[Round "1"]
[White "IanT"]
[Black "Berke"]
[Result "1-0"]
[WhiteElo "1544"]
[BlackElo "1519"]
[Opening "French: advance, Paulsen attack"]
[ECO "C02"]
[Time "04:00:06"]
[TimeControl "2700+45"]

1. e4 e6 2. d4 d5 3. e5 c5 4. c3 Nc6 5. Nf3 Qb6 6. Be2 cxd4 7. cxd4 Bd7 8. O-O
Nge7 9. Na3 Nf5 10. Nc2 Be7 11. Rb1 Rc8 12. Qd3 a6 13. Bd2 Nb4 14. Bxb4 Bxb4 15.
Nxb4 Qxb4 16. a3 Qb6 17. Rfd1 O-O 18. Qd2 Rc7 19. Bd3 Rfc8 20. Bxf5 exf5 21.
Rdc1 Rc4 22. Rxc4 Rxc4 23. Rc1 Qc7 24. Rxc4 Qxc4 25. h3 b5 26. Ne1 g6 27. Nc2
Kg7 28. Ne3 Qc6 29. Qc3 Qe6 30. Qc5 Bc6 31. Qb6 Bd7 32. Qxe6 fxe6 33. Kf1 Kf7
34. Ke2 h5 35. Kd3 f4 36. Nc2 a5 37. Kc3 Ke7 38. Ne1 g5 39. Nd3 Kd8 40. h4 b4+
41. axb4 axb4+ 42. Kxb4 g4 43. Nxf4 Kc7 44. Nxh5 {Black resigns} 1-0

[Event "Team 45 45 League T54"]
[Site "Internet Chess Club"]
[Date "2012.08.15"]
[Round "1"]
[White "Iowa-Archer"]
[Black "SeniorCitizen"]
[Result "0-1"]
[WhiteElo "1434"]
[BlackElo "1375"]
[Opening "French defense"]
[ECO "C00"]
[Time "14:00:07"]
[TimeControl "2700+45"]

1. e4 e6 2. Nc3 Bb4 3. a3 Bxc3 4. dxc3 d5 5. c4 dxe4 6. Qxd8+ Kxd8 7. Be3 b6 8.
O-O-O+ Ke7 9. f3 Nf6 10. h4 Bb7 11. f4 Rd8 12. Bd4 Nc6 13. c3 Ng4 14. Rd2 Nxd4
15. Rxd4 Rxd4 16. cxd4 Ne3 17. Be2 Nxg2 18. Nh3 Ne3 19. Rg1 Nf5 20. Kd2 Rd8 21.
Kc3 g6 22. Rd1 Nxh4 23. b4 Nf5 24. a4 c5 25. bxc5 bxc5 26. dxc5 Rxd1 27. Bxd1
Bc6 28. Kb4 Ne3 29. Bb3 h5 30. a5 a6 31. Ba4 Bxa4 32. Kxa4 Nxc4 33. Kb4 e3 34.
Ng1 Nxa5 35. Kxa5 Kd7 36. Kb6 h4 37. c6+ Kc8 38. Kc5 h3 39. Nf3 e2 40. Kd4 h2
41. Ke3 h1=Q 42. Kxe2 Qxf3+ 43. Kxf3 a5 {White resigns} 0-1

[Event "Team 45 45 League T54"]
[Site "Internet Chess Club"]
[Date "2012.08.20"]
[Round "1"]
[White "krysto"]
[Black "BetterthanU"]
[Result "0-1"]
[WhiteElo "1558"]
[BlackElo "1525"]
[Opening "Nimzo-Indian: 4.e3 O-O, 5.Bd3 d5"]
[ECO "E48"]
[Time "21:01:06"]
[TimeControl "2700+45"]

1. d4 e6 2. c4 d5 3. Nc3 Bb4 4. e3 Nf6 5. Bd3 O-O 6. Ne2 Be7 7. cxd5 exd5 8. O-O
c5 9. b3 cxd4 10. Nxd4 Nc6 11. Nce2 Be6 12. Bb2 Rc8 13. Rc1 Nxd4 14. Nxd4 Bc5
15. Nxe6 fxe6 16. Bb1 Qe7 17. Qd3 g6 18. Rfd1 Ng4 19. Rc2 Qg5 20. h3 Nxf2 21.
Rxf2 Bxe3 22. Rf1 Qg3 23. Qe2 Rxf2 24. Rxf2 Rf8 25. Bd4 Rxf2 {White resigns} 0-1

[Event "Team 45 45 League T54"]
[Site "Internet Chess Club"]
[Date "2012.08.16"]
[Round "1"]
[White "iceface"]
[Black "BotanicalKnight"]
[Result "1/2-1/2"]
[WhiteElo "1632"]
[BlackElo "1530"]
[Opening "Dutch defense"]
[ECO "A84"]
[Time "20:03:37"]
[TimeControl "2700+45"]

1. d4 f5 2. c4 e6 3. Nf3 Nf6 4. Nc3 d5 5. cxd5 exd5 6. Bf4 c6 7. e3 Be7 8. Be2
O-O 9. a3 a5 10. Na4 Ne4 11. h3 Nd7 12. Nd2 Qe8 13. Nxe4 fxe4 14. Bh5 g6 15. Bg4
b5 16. Nc3 Nf6 17. Be2 Bd7 18. Qb3 a4 19. Qc2 Qf7 20. Bh6 Rfc8 21. Qd1 Bd6 22.
Bg5 Be7 23. Bxf6 Qxf6 24. Bg4 Bf5 25. Bxf5 Qxf5 26. Rc1 Qg5 27. Qg4 Qxg4 28.
hxg4 Rf8 29. Na2 Rf6 30. Ke2 Raf8 31. Rhf1 Kg7 32. Nb4 Bxb4 33. axb4 h6 34. Rc5
Rd6 35. Rfc1 Rff6 36. f3 exf3+ 37. gxf3 g5 {Game drawn by mutual agreement}
1/2-1/2

[Event "Team 45 45 League T54"]
[Site "Internet Chess Club"]
[Date "2012.08.20"]
[Round "1"]
[White "Elalfer"]
[Black "iwin2"]
[Result "0-1"]
[WhiteElo "1390"]
[BlackElo "1559"]
[Opening "QGD: Cambridge Springs defense"]
[ECO "D52"]
[Time "10:00:29"]
[TimeControl "2700+45"]

1. d4 d5 2. c4 c6 3. Nc3 Nf6 4. Nf3 e6 5. Bg5 Nbd7 6. e3 Qa5 7. Qc2 Bb4 8. a3
Ne4 9. Rc1 Bxc3+ 10. bxc3 Qxa3 11. Bd3 Ndf6 12. O-O O-O 13. c5 Qa5 14. Bxf6 Nxf6
15. Ra1 Qc7 16. Ne5 b6 17. cxb6 Qxb6 18. Rfb1 Qc7 19. c4 Qd6 20. c5 Qc7 21. Ba6
Bxa6 22. Rxa6 Rab8 23. Rba1 Rb7 24. Rxc6 Qb8 25. Rca6 Rb2 26. Qc1 Ne4 27. f3 Nd2
28. Nc6 Nxf3+ 29. Kf1 Qb5+ {White resigns} 0-1

[Event "Team 45 45 League T54"]
[Site "Internet Chess Club"]
[Date "2012.08.20"]
[Round "1"]
[White "trifire"]
[Black "tamky70"]
[Result "0-1"]
[WhiteElo "1410"]
[BlackElo "1393"]
[Opening "French: exchange variation"]
[ECO "C01"]
[Time "10:01:23"]
[TimeControl "2700+45"]

1. e4 e6 2. d4 d5 3. exd5 exd5 4. Nf3 Nc6 5. Bb5 Bd7 6. O-O Nf6 7. Bg5 Be7 8.
Re1 Ne4 9. Bxe7 Nxe7 10. Bxd7+ Qxd7 11. Nbd2 Nxd2 12. Qxd2 O-O 13. Ne5 Qd6 14.
Rac1 Nc6 15. Nxc6 bxc6 16. Qc3 a5 17. Qc5 Qxc5 18. dxc5 Rfe8 19. Rcd1 Kf8 20. f3
Rab8 21. b3 Rb5 22. Rd2 Rxe1+ {White resigns} 0-1

[Event "Team 45 45 League T54"]
[Site "Internet Chess Club"]
[Date "2012.08.18"]
[Round "1"]
[White "Littlemon"]
[Black "fuzzface"]
[Result "0-1"]
[WhiteElo "1228"]
[BlackElo "1350"]
[Opening "QGD Slav: 3.Nf3"]
[ECO "D11"]
[Time "09:00:37"]
[TimeControl "2700+45"]

1. d4 d5 2. c4 c6 3. Nf3 Bg4 4. Nc3 Nf6 5. e3 e6 6. Bd3 Bb4 7. O-O O-O 8. Re1
Ne4 9. Bd2 Bxf3 10. gxf3 Qg5+ 11. Kh1 Nxf2# {White checkmated} 0-1

[Event "Team 45 45 League T54"]
[Site "Internet Chess Club"]
[Date "2012.08.17"]
[Round "1"]
[White "GideonL"]
[Black "Goldenberg"]
[Result "0-1"]
[WhiteElo "1274"]
[BlackElo "1578"]
[Opening "Sicilian: Hungarian variation"]
[ECO "B27"]
[Time "19:01:19"]
[TimeControl "2700+45"]

1. e4 c5 2. Nf3 g6 3. Bc4 Nc6 4. Nc3 Bg7 5. d4 cxd4 6. Ne2 Nf6 7. Nexd4 Nxe4 8.
Nxc6 bxc6 9. Bd3 Qa5+ 10. c3 Bxc3+ 11. Bd2 Nxd2 12. Nxd2 Bxd2+ 13. Qxd2 Qxd2+
14. Kxd2 d5 15. Rac1 Bd7 16. Ba6 Rb8 17. b3 O-O 18. Rhe1 Rfe8 19. Kd3 e5 20. f3
Bf5+ 21. Kd2 Rb6 22. Bd3 e4 23. fxe4 Bxe4 24. Bxe4 Rxe4 25. Rxe4 dxe4 26. Rc4 f5
27. g4 Ra6 28. Ke3 Rxa2 29. Rxc6 Rxh2 30. b4 Rb2 31. Rc8+ Kg7 32. g5 Rxb4 33.
Rc7+ Kg8 34. Rxa7 Rb3+ 35. Kf4 Rf3+ 36. Ke5 Rb3 37. Ra8+ Kf7 38. Ra7+ Ke8 39.
Ra8+ Kd7 40. Ra7+ Kc6 41. Rxh7 e3 42. Rh6 e2 43. Rxg6+ Kc5 44. Kxf5 e1=Q 45. Re6
Qf2+ 46. Kg6 Rb6 47. Rxb6 Kxb6 48. Kh7 Qf7+ 49. Kh6 Qg8 50. g6 Kc6 {White
resigns} 0-1

[Event "Team 45 45 League T54"]
[Site "Internet Chess Club"]
[Date "2012.08.19"]
[Round "1"]
[White "vjbaker"]
[Black "tamky70"]
[Result "1-0"]
[WhiteElo "1406"]
[BlackElo "1377"]
[Opening "French: MacCutcheon, Bernstein variation"]
[ECO "C12"]
[Time "14:30:28"]
[TimeControl "2700+45"]

1. e4 e6 2. d4 d5 3. Nc3 Nf6 4. Bg5 Bb4 5. e5 h6 6. Bh4 g5 7. Bg3 Ne4 8. Ne2 Nc6
9. f3 Nxg3 10. Nxg3 h5 11. Qd2 Bd7 12. Be2 h4 13. Nf1 Qe7 14. Ne3 Bxc3 15. Qxc3
Qb4 16. Qxb4 Nxb4 17. c3 Nc6 18. Ng4 O-O-O 19. Nf6 Ne7 20. Bd3 Nf5 21. a4 Ne3
22. Kf2 Nc4 23. b3 Na5 24. b4 Nc4 25. Bxc4 dxc4 26. b5 Kb8 27. h3 Bc8 28. g3
hxg3+ 29. Kxg3 b6 30. a5 Bb7 31. a6 Bc8 32. Ra4 Bd7 33. Nxd7+ Rxd7 34. Rxc4 Rh4
35. Rg1 Rd5 36. Rb4 c5 37. Rb3 cxd4 38. Rd1 dxc3 39. Rxd5 exd5 40. Rxc3 Rc4 41.
Rd3 Kc7 42. Rxd5 Rc5 43. Rd6 Rxb5 44. Rf6 Rxe5 45. Rxf7+ Kb8 46. Rb7+ Ka8 47.
Rg7 Kb8 48. Kg4 Ra5 49. Rxg5 Rxa6 50. h4 Ra4+ 51. f4 Kb7 52. h5 Ka6 53. h6 Ra1
54. h7 Rg1+ 55. Kh5 Rh1+ 56. Kg6 b5 57. Kg7 Ka5 58. h8=Q Rxh8 59. Kxh8 Ka4 60.
f5 b4 61. f6 b3 62. f7 b2 63. Rg1 {Black resigns} 1-0

[Event "Team 45 45 League T54"]
[Site "Internet Chess Club"]
[Date "2012.08.20"]
[Round "1"]
[White "theartist"]
[Black "ethan0627"]
[Result "1/2-1/2"]
[WhiteElo "1167"]
[BlackElo "1314"]
[Opening "QGD: Semi-Tarrasch defense, Pillsbury variation"]
[ECO "D40"]
[Time "13:18:34"]
[TimeControl "2700+45"]

1. d4 d5 2. c4 e6 3. Nf3 c5 4. Nc3 Nf6 5. Bg5 Nc6 6. e3 Be7 7. cxd5 exd5 8. dxc5
Bxc5 9. Bxf6 Qxf6 10. Qxd5 Bb4 11. Qd3 O-O 12. Be2 Rd8 13. Qc2 Bf5 14. Qc1 Bd3
15. O-O Bxc3 16. bxc3 Bxe2 17. Re1 Bxf3 18. gxf3 Qxf3 19. Rd1 Qg4+ 20. Kf1 Qh3+
21. Kg1 Qg4+ 22. Kf1 Rxd1+ 23. Qxd1 Qxd1+ 24. Rxd1 h6 25. Rd7 b6 26. Rc7 Ne5 27.
Ke2 a5 28. c4 g6 29. c5 bxc5 30. Rxc5 Nd7 31. Rc7 Nb6 32. Kd3 h5 33. Rb7 Nd5 34.
Kc4 Nb4 35. a3 Nc2 36. Kb3 Ne1 37. Ka4 Nf3 38. h3 g5 39. Rb5 f6 40. Rf5 Ng1 41.
Rxf6 Nxh3 42. f3 Re8 43. e4 g4 44. Rf5 gxf3 45. Rxf3 Rxe4+ 46. Kxa5 Nf4 47. a4
h4 48. Kb5 h3 49. Rf1 Ng2 50. Rh1 Rh4 51. a5 Kf7 52. a6 Rh8 53. a7 Nf4 54. Kc6
Kf6 55. Kb7 Rh7+ 56. Ka6 Rh8 57. Kb7 Kg5 58. a8=Q Rxa8 59. Kxa8 Kg4 60. Rxh3
Nxh3 {Game drawn because neither player has mating material} 1/2-1/2

[Event "Team 45 45 League T54"]
[Site "Internet Chess Club"]
[Date "2012.08.19"]
[Round "1"]
[White "Conjurer"]
[Black "sockmonkey"]
[Result "1-0"]
[WhiteElo "1530"]
[BlackElo "1387"]
[Opening "QGD: Alekhine variation"]
[ECO "D43"]
[Time "12:10:05"]
[TimeControl "2700+45"]

1. c4 c6 2. Nc3 d5 3. d4 Nf6 4. Nf3 e6 5. Bg5 Nbd7 6. e4 dxe4 7. Nxe4 Qa5+ 8.
Ned2 Ne4 9. Be3 Bb4 10. a3 Nxd2 11. Nxd2 Be7 12. b4 Qf5 13. Nf3 e5 14. Bd3 e4
15. Bc2 O-O 16. O-O Nb6 17. Nd2 Qe6 18. c5 Nd5 19. Re1 Nxe3 20. Rxe3 Qh6 21.
Rxe4 Bg5 22. Nf3 Bf5 23. Nxg5 Qxg5 24. Re5 Bxc2 25. Qxc2 f5 26. Rae1 Qg6 27. Qe2
Rad8 28. Qc4+ Kh8 29. f4 Rc8 30. d5 cxd5 31. Qxd5 Qc6 32. g3 Qxd5 33. Rxd5 Rcd8
34. Ree5 g6 35. Kf2 Rxd5 36. Rxd5 Kg7 37. Rd7+ Rf7 38. Rd6 Re7 39. b5 Kf7 40. a4
Re6 41. Rd5 Ke7 42. Kf3 h6 43. h4 h5 44. Re5 Rxe5 45. fxe5 Ke6 46. Kf4 Kd5 47.
Kg5 Kxe5 48. Kxg6 Kd5 49. Kxh5 Kxc5 50. Kg5 Kb4 51. h5 {Black resigns} 1-0